PCL
CALGARY COWBOYS @ SANTA MONICA BRUINS
04/11/2026
 
TOP OF THE 1ST
Calgary Cowboys batting - Pitching for Santa Monica Bruins : LHP Bill Moore
Pitching: LHP Bill Moore
Batting: RHB Clark Hodge 0-0: Called Strike
0-1: SINGLE (Groundball, 6MD)
Batting: RHB Dan Wyatt 0-0: Foul Ball, location: 2F
0-1: Foul Ball, location: 2F
0-2: Ball
1-2: Ball
2-2: Strikes out swinging
Batting: RHB Jesús Hernández 0-0: Grounds into double play, 1-6-3 (Groundball, 13S)
Top of the 1st over - 0 run(s), 1 hit(s), 0 error(s), 0 left on base; Calgary 0 - Santa Monica 0
BOTTOM OF THE 1ST
Santa Monica Bruins batting - Pitching for Calgary Cowboys : RHP Lucas Taylor
Pitching: RHP Lucas Taylor
Batting: LHB Harry Pitts 0-0: Called Strike
0-1: Ball
1-1: Ball
2-1: Ball
3-1: Called Strike
3-2: Foul Ball, location: 2F
3-2: Foul Ball, location: 2F
3-2: DOUBLE (Line Drive, 8LM)
Batting: RHB Oliver Lugo 0-0: Ball
1-0: Ball
2-0: Called Strike
2-1: Fly out, F6 (Popup, 6S)
Batting: LHB Ray Bryant 0-0: Called Strike
0-1: Ground out 4-3 (Groundball, 34)
Harry Pitts to third
Batting: LHB Noriaki Sangi 0-0: Foul Ball, location: 2F
0-1: Ball
1-1: Ball
2-1: Ball
3-1: SINGLE (Line Drive, 89S)
Harry Pitts scores
Batting: RHB Phil Matthews 0-0: Ball
1-0: Foul Ball, location: 2F
1-1: Ball
2-1: Called Strike
2-2: Ball
3-2: Fly out, F6 (Line Drive, 56)
Bottom of the 1st over - 1 run(s), 2 hit(s), 0 error(s), 1 left on base; Calgary 0 - Santa Monica 1
TOP OF THE 2ND
Calgary Cowboys batting - Pitching for Santa Monica Bruins : LHP Bill Moore
Batting: LHB Miguel Pérez 0-0: Ball
1-0: Ground out 1-3 (Groundball, 15)
Batting: RHB Ramón Martínez 0-0: Ball
1-0: Fly out, F9 (Flyball, 9LSF)
Batting: RHB Shayne Burry 0-0: Ball
1-0: Ball
2-0: Swinging Strike
2-1: Ball
3-1: Fly out, F8 (Popup, 8LS)
Top of the 2nd over - 0 run(s), 0 hit(s), 0 error(s), 0 left on base; Calgary 0 - Santa Monica 1
BOTTOM OF THE 2ND
Santa Monica Bruins batting - Pitching for Calgary Cowboys : RHP Lucas Taylor
Batting: RHB Luis Martínez 0-0: Foul Ball, location: 2F
0-1: Ball
1-1: Foul Ball, location: 2F
1-2: Ground out 5-3 (Groundball, 5)
Batting: LHB Victor Howard 0-0: Ball
1-0: Ball
2-0: Called Strike
2-1: Foul Ball, location: 2F
2-2: Ball
3-2: Foul Ball, location: 2F
3-2: Base on Balls
Batting: RHB Justin Burgess 0-0: Ball
1-0: Ball
2-0: Reached on error, E6 (Groundball, 6M)
Victor Howard to second
Batting: RHB Brandon Callahan 0-0: Called Strike
0-1: Fly out, F6 (Popup, 6MD)
Batting: LHB Harry Pitts 0-0: Fly out, F9 (Line Drive, 89S)
Bottom of the 2nd over - 0 run(s), 0 hit(s), 1 error(s), 2 left on base; Calgary 0 - Santa Monica 1
TOP OF THE 3RD
Calgary Cowboys batting - Pitching for Santa Monica Bruins : LHP Bill Moore
Batting: LHB Freddy Herrera 0-0: Ball
1-0: Ball
2-0: Called Strike
2-1: Swinging Strike
2-2: Strikes out looking
Batting: RHB Luis Peńa 0-0: Fly out, F8 (Flyball, 8RM)
Batting: RHB Tom Yarbrough 0-0: Called Strike
0-1: Ball
1-1: Called Strike
1-2: Ball
2-2: Foul Ball, location: 2F
2-2: DOUBLE (Flyball, 89D)
Batting: RHB Clark Hodge 0-0: Foul Ball, location: 2F
0-1: Ball
1-1: Ball
2-1: Ball
3-1: Base on Balls
Batting: RHB Dan Wyatt 0-0: Called Strike
0-1: Ball
1-1: SINGLE (Groundball, 6MD) (infield hit)
Tom Yarbrough to third
Clark Hodge to second
Batting: RHB Jesús Hernández 0-0: Ball
1-0: Ball
2-0: Ball
3-0: Foul Ball, location: 2F
3-1: Base on Balls
Tom Yarbrough scores
Clark Hodge to third
Dan Wyatt to second
Batting: LHB Miguel Pérez 0-0: Ball
1-0: SINGLE (Line Drive, 4M)
Clark Hodge scores
Dan Wyatt to third
Jesús Hernández to second
Batting: RHB Ramón Martínez 0-0: SINGLE (Groundball, 34D)
Dan Wyatt scores
Jesús Hernández to third
Miguel Pérez to second
Runner from 3rd tries for Home, SAFE, no throw or cutoff
Batting: RHB Shayne Burry 0-0: Called Strike
0-1: Called Strike
0-2: Ball
1-2: Ball
2-2: Foul Ball, location: 2F
2-2: Ball
3-2: Foul Ball, location: 2F
3-2: Base on Balls
Miguel Pérez to third
Ramón Martínez to second
Batting: LHB Freddy Herrera 0-0: Called Strike
0-1: Foul Ball, location: 2F
0-2: Ground out 4-3 (Groundball, 4)
Top of the 3rd over - 4 run(s), 4 hit(s), 0 error(s), 3 left on base; Calgary 4 - Santa Monica 1
BOTTOM OF THE 3RD
Santa Monica Bruins batting - Pitching for Calgary Cowboys : RHP Lucas Taylor
Batting: RHB Oliver Lugo 0-0: Fly out, F7 (Flyball, 7LM)
Batting: LHB Ray Bryant 0-0: SINGLE (Flyball, 89S)
Batting: LHB Noriaki Sangi 0-0: Ball
1-0: Ball
2-0: Called Strike
2-1: Ball
3-1: Foul Ball, location: 2F
3-2: Strikes out swinging
Batting: RHB Phil Matthews 0-0: Ball
1-0: SINGLE (Groundball, 6MD)
Ray Bryant to second
Runner from 2nd tries for 3rd, SAFE, no throw or cutoff
Batting: RHB Luis Martínez 0-0: Called Strike
0-1: Ball
1-1: DOUBLE (Line Drive, 5D)
Ray Bryant scores
Phil Matthews to third
Runner from 3rd tries for Home, SAFE, no throw or cutoff
Batting: LHB Victor Howard 0-0: Called Strike
0-1: Ball
1-1: Ball
2-1: Called Strike
2-2: Ball
3-2: SINGLE (Line Drive, 4M)
Luis Martínez to third
Luis Martínez scores
Batting: RHB Justin Burgess 0-0: Ball
1-0: Called Strike
1-1: Called Strike
1-2: Ball
2-2: Foul Ball, location: 2F
2-2: Ball
3-2: Ground out 1-3 (Groundball, 15S)
Bottom of the 3rd over - 3 run(s), 4 hit(s), 0 error(s), 1 left on base; Calgary 4 - Santa Monica 4
TOP OF THE 4TH
Calgary Cowboys batting - Pitching for Santa Monica Bruins : LHP Bill Moore
Batting: RHB Luis Peńa 0-0: Foul Ball, location: 2F
0-1: Foul Ball, location: 2F
0-2: Ball
1-2: Fly out, F9 (Flyball, 9S)
Batting: RHB Tom Yarbrough 0-0: Ball
1-0: Ball
2-0: Swinging Strike
2-1: Called Strike
2-2: Strikes out looking
Batting: RHB Clark Hodge 0-0: Ball
1-0: Ball
2-0: Foul Ball, location: 2F
Single, Error in OF, E8, batter to second base
Batting: RHB Dan Wyatt 0-0: Intentional Walk
Batting: RHB Jesús Hernández 0-0: Ball
1-0: Called Strike
1-1: Swinging Strike
1-2: Ball
2-2: Foul Ball, location: 2F
2-2: Foul Ball, location: 2F
2-2: Fly out, F3 (Line Drive, 3)
Top of the 4th over - 0 run(s), 1 hit(s), 1 error(s), 2 left on base; Calgary 4 - Santa Monica 4
BOTTOM OF THE 4TH
Santa Monica Bruins batting - Pitching for Calgary Cowboys : RHP Lucas Taylor
Batting: RHB Brandon Callahan 0-0: Called Strike
0-1: Called Strike
0-2: SINGLE (Groundball, 4MD)
Batting: LHB Harry Pitts 0-0: Ball
1-0: Foul Ball, location: 2F
1-1: Ball
2-1: Swinging Strike
2-2: Ball
3-2: Foul Ball, location: 2F
3-2: Strikes out swinging
Brandon Callahan steals 2nd base
Batter strikes out.
Batting: RHB Oliver Lugo 0-0: Foul Ball, location: 2F
0-1: Ball
1-1: Ball
2-1: Foul Ball, location: 2F
2-2: Strikes out swinging
Batting: LHB Ray Bryant 0-0: Called Strike
0-1: Ball
1-1: Foul Ball, location: 2F
1-2: Ball
2-2: Ground out 4-3 (Groundball, 4)
Bottom of the 4th over - 0 run(s), 1 hit(s), 0 error(s), 1 left on base; Calgary 4 - Santa Monica 4
TOP OF THE 5TH
Calgary Cowboys batting - Pitching for Santa Monica Bruins : LHP Bill Moore
Batting: LHB Miguel Pérez 0-0: DOUBLE (Flyball, 7LS)
Batting: RHB Ramón Martínez 0-0: Ball
1-0: Ball
2-0: Swinging Strike
2-1: Ball
3-1: Fly out, F7 (Flyball, 78S)
Batting: RHB Shayne Burry 0-0: Intentional Walk
Pitching: RHP Mark Ross
Batting: LHB Freddy Herrera 0-0: Foul Ball, location: 2F
0-1: Foul Ball, location: 2F
0-2: Strikes out swinging
Batting: RHB Luis Peńa 0-0: Foul Ball, location: 2F
0-1: Foul Ball, location: 2F
0-2: Fielders Choice at 2nd, U6 (Groundball, 6M)
Top of the 5th over - 0 run(s), 1 hit(s), 0 error(s), 2 left on base; Calgary 4 - Santa Monica 4
BOTTOM OF THE 5TH
Santa Monica Bruins batting - Pitching for Calgary Cowboys : RHP Lucas Taylor
Pitching: RHP Mitsunari Jouda
Batting: LHB Noriaki Sangi 0-0: Ball
1-0: Ball
2-0: Ball
3-0: Base on Balls
Batting: RHB Phil Matthews Balk!
Noriaki Sangi to second
0-0: Swinging Strike
0-1: Ball
1-1: Ball
2-1: Ball
3-1: Base on Balls
Batting: RHB Luis Martínez 0-0: Ball
1-0: Foul Ball, location: 2F
1-1: SINGLE (Line Drive, 8LS)
Noriaki Sangi to third
Phil Matthews to second
Batting: LHB Victor Howard 0-0: Ball
1-0: Foul Ball, location: 2F
1-1: Called Strike
1-2: Ball
2-2: Ball
3-2: Foul Ball, location: 2F
3-2: Base on Balls
Noriaki Sangi scores
Phil Matthews to third
Luis Martínez to second
Batting: RHB Justin Burgess 0-0: Ball
1-0: Foul Ball, location: 2F
1-1: Foul Ball, location: 2F
1-2: Ball
2-2: Ball
3-2: Strikes out swinging
Batting: RHB Brandon Callahan 0-0: Foul Ball, location: 2F
0-1: Ball
1-1: SINGLE (Line Drive, 6MD)
Phil Matthews scores
Luis Martínez to third
Victor Howard to second
Runner from 3rd tries for Home, SAFE, throw made home
Victor Howard to third
Brandon Callahan to second
Batting: LHB Harry Pitts 0-0: Called Strike
0-1: Ball
1-1: Called Strike
1-2: Ball
2-2: Ball
3-2: Fly out, F7 (Line Drive, 7M)
Throwing error, E7
Victor Howard scores
Brandon Callahan to third
Pitching: RHP Lorenzo Montáńez
Batting: RHB Oliver Lugo 0-0: Ball
1-0: Called Strike
1-1: Fly out, F7 (Line Drive, 7D)
Bottom of the 5th over - 4 run(s), 2 hit(s), 1 error(s), 1 left on base; Calgary 4 - Santa Monica 8
TOP OF THE 6TH
Calgary Cowboys batting - Pitching for Santa Monica Bruins : RHP Mark Ross
Batting: RHB Tom Yarbrough 0-0: Foul Ball, location: 2F
0-1: Foul Ball, location: 2F
0-2: Ball
1-2: Foul Ball, location: 2F
1-2: Ball
2-2: Foul Ball, location: 2F
2-2: Ball
3-2: Base on Balls
Batting: RHB Clark Hodge 0-0: Ball
1-0: Called Strike
1-1: Called Strike
1-2: Fly out, F4 (Popup, 4MD)
Batting: RHB Dan Wyatt 0-0: Ball
1-0: Called Strike
1-1: Foul Ball, location: 2F
1-2: Strikes out swinging
Pitching: RHP Warren Johnson
Batting: RHB Jesús Hernández 0-0: Called Strike
0-1: Fly out, F6 (Popup, 56)
Top of the 6th over - 0 run(s), 0 hit(s), 0 error(s), 1 left on base; Calgary 4 - Santa Monica 8
BOTTOM OF THE 6TH
Santa Monica Bruins batting - Pitching for Calgary Cowboys : RHP Lorenzo Montáńez
Batting: LHB Ray Bryant 0-0: Ball
1-0: Ball
2-0: Ball
3-0: Base on Balls
Batting: LHB Noriaki Sangi 0-0: Called Strike
0-1: Ball
1-1: Foul Ball, location: 2F
1-2: Ball
2-2: SINGLE (Groundball, 56D)
Ray Bryant to second
Batting: RHB Phil Matthews 0-0: Ball
1-0: Called Strike
Ray Bryant steals 3rd base
Noriaki Sangi to second
1-1: Ball
2-1: Foul Ball, location: 2F
2-2: Ground out 5-3 (Groundball, 5S)
Batting: RHB Luis Martínez 0-0: Ball
1-0: SINGLE (Line Drive, 8RS)
Ray Bryant scores
Noriaki Sangi to third
Runner from 3rd tries for Home, throw and OUT!
Batting: LHB Victor Howard 0-0: Ball
1-0: Called Strike
1-1: Ground out U3 (Groundball, 3L)
Bottom of the 6th over - 1 run(s), 2 hit(s), 0 error(s), 1 left on base; Calgary 4 - Santa Monica 9
TOP OF THE 7TH
Calgary Cowboys batting - Pitching for Santa Monica Bruins : RHP Warren Johnson
Now at C: Bonifacio Torres
Now at 1B: Bill Savage
Now at 3B: Armando Colón
Batting: LHB Miguel Pérez 0-0: Ball
1-0: Called Strike
1-1: Ball
2-1: Swinging Strike
2-2: Ball
3-2: Foul Ball, location: 2F
3-2: Fly out, F8 (Flyball, 8LS)
Batting: RHB Ramón Martínez 0-0: Ground out 5-3 (Groundball, 5L)
Batting: RHB Shayne Burry 0-0: Ball
1-0: Ground out 5-3 (Groundball, 56)
Top of the 7th over - 0 run(s), 0 hit(s), 0 error(s), 0 left on base; Calgary 4 - Santa Monica 9
BOTTOM OF THE 7TH
Santa Monica Bruins batting - Pitching for Calgary Cowboys : RHP Lorenzo Montáńez
Batting: RHB Justin Burgess 0-0: Called Strike
0-1: Ball
1-1: Ball
2-1: Ball
3-1: Base on Balls
Batting: RHB Brandon Callahan 0-0: Sac Bunt - play at first, batter OUT! 1-4
Justin Burgess to second
Batting: LHB Harry Pitts 0-0: Called Strike
0-1: Foul Ball, location: 2F
0-2: Ball
1-2: Foul Ball, location: 2F
1-2: Ball
Wild Pitch!
Justin Burgess to third
2-2: Foul Ball, location: 2F
2-2: Foul Ball, location: 2F
2-2: Foul Ball, location: 2F
2-2: SINGLE (Groundball, 4MD)
Justin Burgess scores
Pitching: LHP Takayuki Ine
Batting: RHB Oliver Lugo 0-0: Called Strike
0-1: Ball
1-1: Ball
2-1: Fielders Choice at 2nd, 5-4 (Groundball, 56)
Batting: LHB Ray Bryant 0-0: Ball
Oliver Lugo steals 2nd base
1-0: Ball
2-0: Ball
3-0: Base on Balls
Batting: LHB Noriaki Sangi 0-0: Ball
1-0: Fly out, F9 (Flyball, 89M)
Bottom of the 7th over - 1 run(s), 1 hit(s), 0 error(s), 2 left on base; Calgary 4 - Santa Monica 10
TOP OF THE 8TH
Calgary Cowboys batting - Pitching for Santa Monica Bruins : RHP Warren Johnson
Batting: LHB Freddy Herrera 0-0: Called Strike
0-1: Ground out 1-3 (Groundball, 25)
Batting: RHB Luis Peńa 0-0: Ball
1-0: Called Strike
1-1: Ground out 6-3 (Groundball, 6)
Batting: RHB Tom Yarbrough 0-0: Ball
1-0: Called Strike
1-1: Ball
2-1: Foul Ball, location: 2F
2-2: Strikes out swinging
Top of the 8th over - 0 run(s), 0 hit(s), 0 error(s), 0 left on base; Calgary 4 - Santa Monica 10
BOTTOM OF THE 8TH
Santa Monica Bruins batting - Pitching for Calgary Cowboys : LHP Takayuki Ine
Batting: RHB Armando Colón 0-0: Ball
1-0: Fly out, F4 (Popup, 34)
Batting: RHB Bill Savage 0-0: Ball
1-0: Called Strike
1-1: Ball
2-1: Ball
3-1: Base on Balls
Batting: RHB Bonifacio Torres 0-0: SINGLE (Groundball, 4MD)
Bill Savage to second
Runner from 2nd tries for 3rd, SAFE, no throw or cutoff
Batting: RHB Justin Burgess 0-0: Foul Ball, location: 2F
0-1: Foul Ball, location: 2F
0-2: Ball
1-2: Ball
2-2: Ground out 5-3 (Groundball, 56S)
Bill Savage scores
Bonifacio Torres to second
Batting: RHB Brandon Callahan 0-0: Called Strike
0-1: Ball
1-1: Swinging Strike
1-2: Strikes out swinging
Bottom of the 8th over - 1 run(s), 1 hit(s), 0 error(s), 1 left on base; Calgary 4 - Santa Monica 11
TOP OF THE 9TH
Calgary Cowboys batting - Pitching for Santa Monica Bruins : RHP Warren Johnson
Batting: RHB Clark Hodge 0-0: Foul Ball, location: 2F
0-1: DOUBLE (Flyball, 78XD)
Batting: RHB Dan Wyatt 0-0: Ball
1-0: Called Strike
1-1: Foul Ball, location: 2F
1-2: Ground out 4-3 (Groundball, 4)
Clark Hodge to third
Batting: RHB Jesús Hernández 0-0: Ball
1-0: Fly out, F8 (Flyball, 8RM)
Runner from 3rd tags up, SCORES, no throw
Batting: LHB Miguel Pérez 0-0: Ball
1-0: Called Strike
1-1: Foul Ball, location: 2F
1-2: Ball
2-2: SINGLE (Groundball, 3D)
Batting: RHB Ramón Martínez 0-0: Called Strike
0-1: Reached on Error, E7 (Line Drive, 7M)
Miguel Pérez to third
Batting: RHB Shayne Burry 0-0: Called Strike
0-1: Ball
1-1: Ball
2-1: Swinging Strike
2-2: Strikes out swinging
Top of the 9th over - 1 run(s), 2 hit(s), 1 error(s), 2 left on base; Calgary 5 - Santa Monica 11
Monday, December 5th, 2016 - OOTP Baseball 17.12 Build 75